 Dungeon Crawl Stone Soup version 0.30-a0-170-g85af917532 (webtiles) character file.

Game seed: 4444825503769184315

1 KennySheep the Sneak (level 1, 0/21 HPs)
             Began as a Naga Delver on Sept 30, 2022.
             Slain by Pikel
             ... wielding a +1 whip of freezing
              (2 damage)
             ... on level 4 of the Dungeon.
             The game lasted 00:00:43 (256 turns).

KennySheep the Sneak (Naga Delver)                   Turns: 256, Time: 00:00:44

Health: 0/21       AC:  1    Str: 14    XL:     1   Next: 20%
Magic:  1/1        EV:  9    Int: 10    God:
Gold:   12         SH:  0    Dex: 12    Spells: 0/0 levels left

rFire   . . .      SeeInvis +    a - +0 short sword
rCold   . . .      Faith    .    (no shield)
rNeg    . . .      Spirit   .    b - +0 leather armour
rPois   +          Reflect  .    (no helmet)
rElec   .          Harm     .    (no cloak)
rCorr   .          Rampage  .    (no gloves)
Will    .....                    (no barding)
Stlth   +++.......               (no amulet)
HPRegen 0.07/turn                (no ring)
MPRegen 0.07/turn                (no ring)

@: very slow
A: AC +0, large, see invisible, deformed body, poison resistance, slowness 2,
spit poison 1, naga tail 1
a: Spit Poison


You were on level 4 of the Dungeon.
You visited 1 branch of the dungeon, and saw 2 of its levels.

You collected 12 gold pieces.

Inventory:

Hand Weapons
 a - a +0 short sword (weapon)
Armour
 b - a +0 leather armour (worn)
Wands
 g - a wand of digging (3)
Scrolls
 c - a scroll of fog
 e - a scroll of fear
Potions
 d - a potion of curing {unknown}
 f - a potion of haste


   Skills:
 + Level 3.0 Fighting
 + Level 2.0 Short Blades
 + Level 1.6 Dodging
 + Level 7.2 Stealth


You couldn't memorise any spells.
You didn't know any spells.
Your spell library was empty.

Dungeon Overview and Level Annotations

Branches:
Dungeon (5/15)             Temple (0/1) D:5

Altars:

Annotations:
D:4 Pikel


Innate Abilities, Weirdness & Mutations

Your serpentine skin is tough. (AC +0)
You have supernaturally acute eyesight. (SInv)
Armour fits poorly on your strangely shaped body.
Your system is resistant to poisons. (rPois)
You cover ground very slowly.
You can spit poison.
You have a snake-like lower body.


Message History

You hit the kobold.
The kobold is severely wounded.
The kobold barely misses you.
You hit the kobold.
You kill the kobold!
You start resting.
HP restored.
You now have 12 gold pieces.
You open the door.
Pikel and 3 lemures come into view.
Pikel is wielding a +1 whip of freezing.
The lemure shouts! x3; Pikel shouts!
You hear a shout!
You close the door.
A lemure breaks down the door.
The lemure hits you but does no damage. The lemure attacks as you move away!
The lemure barely misses you. The lemure closely misses you.
An adder comes into view.
Pikel closely misses you. Pikel attacks as you move away!
Pikel hits you with a +1 whip of freezing.
Pikel freezes you.
A lemure comes into view.
Found a leather armour.
Found a stone staircase leading up.
A nearby plant withers and dies. 2 gnolls come into view.
A gnoll comes into view. It is wielding a +0 whip.
A gnoll comes into view. It is wielding a +0 club.
A gnoll comes into view. It is wielding a +0 spear.
The gnoll moves out of view.
The lemure hits the plant!
The plant begins to die.
Pikel hits you with a +1 whip of freezing!
* * * LOW HITPOINT WARNING * * *
Pikel freezes you.
* * * LOW HITPOINT WARNING * * *
The lemure shouts!
You hear a shout! x2
The adder bites the plant.
Pikel attacks as you move away! Pikel closely misses you.
Found 5 gold pieces.
The lemure hits the plant.
The plant begins to die.
Pikel hits you with a +1 whip of freezing.
You die...

#.# #.. ### ###.###..#
..# ######.......####
..# ####........P......
..###..'.....PP......###
..##..##.....P.....P...$
....K###.....P.......###
#.#### #....S5.K@.......
.....#######55P.......##
..##>..5....5.PPPg....#
..##.########.......#.#
..##.# #......#.....
####.. #..........#. ##.
#......g<..# #.
#..........# .
+........g


You could see Pikel, 4 lemures, 2 gnolls and an adder.

Vanquished Creatures
  A kobold (D:4)
1 creature vanquished.

Vanquished Creatures (others)
  9 plants (D:4)
9 creatures vanquished.

Grand Total: 10 creatures vanquished

Notes
Turn   | Place    | Note
-------+----------+-------------------------------------------
     0 | D:5      | KennySheep the Naga Delver began the quest for the Orb.
     0 | D:5      | Reached XP level 1. HP: 21/21 MP: 1/1
    14 | D:5      | Noticed a gnoll bouda
   235 | D:4      | Noticed Pikel
   235 | D:4      | Noticed a lemure
   235 | D:4      | Noticed a lemure
   235 | D:4      | Noticed a lemure
   252 | D:4      | Noticed a lemure
   256 | D:4      | Slain by Pikel

Illustrated notes

Levels and vault maps discovered:
D:4:      wander_river, layout_basic, mainiacjoe_overflow_chevrons,
          mainiacjoe_overflow_small_starburst, ebering_ghost_sewer_f,
          nicolae_grassy_gnolls, uniq_pikel
D:5:      minmay_clustersquares, layout_layer_cave, minmay_temple_entry_slanted,
          portal_sewer_entry_d, uniq_sigmund, uniq_edmund

Action                   || total
-------------------------++-------
Melee: Short sword       ||    13
  Use: Scroll            ||     1
Armor: Leather armour    ||     2
Dodge: Dodged            ||     9

Table legend: (Time is in decaauts)
 A = Elapsed time spent in this place.
 B = Non-inter-level travel time spent in this place.
 C = Inter-level travel time spent in this place.
 D = Time resting spent in this place.
 E = Time spent auto-exploring this place.
 F = Levels seen in this place.
 G = Mean time per level.
                   A        B        C        D        E       F      G
               +--------+--------+--------+--------+--------+-----+--------+
         Total |    280 |    258 |     22 |    171 |     24 |   2 |  140.0 |
       Dungeon |    280 |    258 |     22 |    171 |     24 |   2 |  140.0 |
               +--------+--------+--------+--------+--------+-----+--------+

Top non-repeatable levels by time:
     D:4: 242 daAuts
     D:5: 38 daAuts
